 Dungeon Crawl Stone Soup version 0.19-a0-347-g6bb00b2 (webtiles) character file.

85 Kilingo the Ruffian (level 4, -1/28 HPs)
             Began as a Gargoyle Monk on May 29, 2016.
             Killed from afar by an orc wizard (2 damage)
             ... with a puff of frost
             ... on level 2 of the Dungeon.
             The game lasted 00:22:56 (2563 turns).

Kilingo the Ruffian (Gargoyle Monk)                 Turns: 2563, Time: 00:22:56

Health: -1/28      AC:  5    Str: 14    XL:     4   Next: 48%
Magic:  4/4        EV: 13    Int: 15    God:
Gold:   116        SH:  0    Dex: 13    Spells: 0 memorised, 3 levels left

rFire  x . .     SeeInvis .     a - +0 short sword (elec)
rCold  + . .     Gourm    .     c - +0 robe
rNeg   + . .     Faith    .     (no shield)
rPois  ∞         Spirit   .     (no helmet)
rElec  +         Dismiss  .     (no cloak)
rCorr  .         Reflect  .     (no gloves)
SustAt .         Harm     .     (no boots)
MR     .....                    (no amulet)
Stlth  ++........               q - ring of ice
                                p - +4 ring of intelligence

@: not resistant to hostile enchantments, unstealthy
A: negative energy resistance 1, electricity resistance, unbreathing,
petrification resistance, rot immunity, AC +3
a: no special abilities


You were on level 2 of the Dungeon.
You were not hungry.

You visited 1 branch of the dungeon, and saw 3 of its levels.

You collected 116 gold pieces.

Inventory:

Hand Weapons
 a - a +0 short sword of electrocution (weapon)
Missiles
 d - 86 stones (quivered)
Armour
 c - a +0 robe (worn)
 e - a +0 scale mail
 j - a +0 ring mail
Jewellery
 p - a +4 ring of intelligence (left hand)
 q - a ring of ice (right hand)
Wands
 i - a wand of slowing (26/48)
Scrolls
 m - a scroll of remove curse
 n - a scroll of blinking {unknown}
 r - a scroll of teleportation {unknown}
Potions
 o - a potion of brilliance
Comestibles
 b - 2 bread rations
 f - 2 chunks of flesh
 g - 3 meat rations
 l - 3 fruits


   Skills:
 - Level 3.2 Fighting
 - Level 1.1 Short Blades
 - Level 2.0 Throwing
 - Level 2.4 Armour
 - Level 2.4 Dodging
 + Level 2.5 Stealth
 - Level 4.0 Unarmed Combat


You had 3 spell levels left.
You didn't know any spells.

Dungeon Overview and Level Annotations

Branches:
Dungeon (3/15)

Altars:


Innate Abilities, Weirdness & Mutations

You are resistant to torment.
Your stone body is resilient (AC +3).
You are immune to poison.
You resist negative energy. (rN+)
You are resistant to electric shocks. (rElec)
You can survive without breathing.
You are immune to petrification.
You are immune to rotting.


Message History

The orc wizard closely misses you.
You hit the orc wizard.
The orc wizard is moderately wounded.
The orc wizard closely misses you.
You hit the orc wizard.
The orc wizard is moderately wounded.
The orc wizard points at you and mumbles some strange words.
The puff of frost hits you! You resist.
* * * LOW HITPOINT WARNING * * *
You hit the orc wizard.
The orc wizard is heavily wounded.
The orc wizard hits you but does no damage.
You closely miss the orc wizard.
The orc wizard is heavily wounded.
The orc wizard hits you but does no damage.
You miss the orc wizard.
The orc wizard is heavily wounded.
The orc wizard casts a spell at you. The puff of frost hits you! You resist.
You die...

### ### #.#######.#
#.........# #.#######.# #.#
#.# #.# #.#############
#.#######.............#####
#.#............o..........#
................@####.#..##
#.#....#########.#........#
#.#....# #.#.##.#..##
#.#....# #.#.##.#..#
#.#....# #.#.##.#..#
#.#.###### #.#.##.####
#........# #.#.#....#
..<......#######.#.#..#.#
##.................#..#.#


You could see an orc wizard.

Vanquished Creatures
  2 adders
  An ooze (D:1)
  2 worms (D:2)
  A dart slug (D:1)
  3 giant geckos
  2 giant cockroaches (D:2)
  6 goblins
  6 hobgoblins
  7 jackals (D:1)
  9 kobolds
  4 bats
  2 giant newts (D:2)
  A rat (D:1)
46 creatures vanquished.

Notes
Turn   | Place    | Note
--------------------------------------------------------------
     0 | D:1      | Kilingo the Gargoyle Monk began the quest for the Orb.
     0 | D:1      | Reached XP level 1. HP: 14/14 MP: 1/1
    38 | D:1      | Reached skill level 1 in Armour
   165 | D:1      | Reached XP level 2. HP: 15/19 MP: 2/2
   865 | D:1      | Reached XP level 3. HP: 13/23 MP: 3/3
   881 | D:1      | Reached skill level 1 in Throwing
  1728 | D:2      | Reached XP level 4. HP: 20/28 MP: 4/4
  1953 | D:2      | Reached skill level 1 in Short Blades
  2560 | D:2      | HP: 1/28 [orc wizard/puff of frost (2)]
  2563 | D:2      | Killed from afar by an orc wizard

Vault maps used:
D:1:      lightli_molten_gateway, minivault_25
D:2:      first_bread
D:3:      serial_bayou_ford_a, uniq_natasha

Skill      XL: |  1  2  3  4 |
---------------+-------------+-----
Armour         | 1 2 |  2.4
Throwing       | 2 |  2.0
Short Blades   | 1 |  1.1
Fighting       | |  3.2
Dodging        | |  2.4
Stealth        | |  2.5
Unarmed Combat | |  4.0

Action                   |  1- 3 |  4- 6 || total
-------------------------+-------+-------++-------
Melee: Unarmed           |   120 |    47 ||   167
       Punch             |     4 |       ||     4
       Short sword       |     2 |     7 ||     9
Throw: Stone             |    36 |    25 ||    61
  Use: Scroll            |     1 |     2 ||     3
       Potion            |       |     1 ||     1
 Stab: Sleeping          |     3 |     1 ||     4
  Eat: Chunk             |     3 |     2 ||     5
Armor: Robe              |    23 |    16 ||    39
Dodge: Dodged            |    58 |    25 ||    83
